cohdb
Replays
Latest Replays
All Replays
Popular Replays
Top Player Replays
Match Explorer
How It Works
Community
CoH3 Stats
Reddit
Sign in to upload your games and track your stats! →
Sign in with Steam
Match 45311499
Unlisted
Match 45311499
Overview
Messages
Build Orders
End
Pioneer Squad
Construct Infanterie Kompanie
Grenadier Squad
Selects Breakthrough Battlegroup
Selects Assault Grenadiers
Grenadier Squad
Grenadier Squad
Construct Luftwaffe Kompanie
221 Scout Car
Selects Rapid Production
Jäger Squad
Support Elements
Wirbelwind Flakpanzer
Jäger Squad
Selects Blitzkrieg
Construct Panzer Kompanie
Stoßtruppen Squad
Panzer IV Medium Tank
Pioneer Squad
Selects Tiger Heavy Tank
Tiger Heavy Tank
Medical Station
Side Skirts
Panzer Officer Quarters
Selects Breakthrough
Selects Incendiary Bombing Run
Swan
Why you again
CAuMOH
Otto Karius
0
0
Comments
sign in to comment!
No comments posted yet!